[Event "Titled Tuesday Blitz February 14 Early 2023"]
[White "Madaminov, Mukhiddin"]
[Black "Bok, Benjamin"]
[WhiteFideId "14210703"]
[BlackFideId "1017063"]
[WhiteElo "2422"]
[BlackElo "2607"]
[Result "1-0"]
[Round "10"]
[TimeControl "180+2"]
[Date "2023.02.14"]
[WhiteClock "0:00:17"]
[BlackClock "0:00:03"]

1. d4 Nf6 2. Nc3 d5 3. Bf4 c5 4. e4 cxd4 5. Qxd4 Nc6 6. Bb5 Bd7 7. Bxc6 Bxc6 8. e5 Nd7 9. e6 fxe6 10. Nf3 Qb6 11. Qd2 d4 12. Qxd4 Bxf3 13. Qxb6 axb6 14. gxf3 g6 15. Nb5 Kf7 16. a3 Bg7 17. O-O-O Nc5 18. Rhe1 Ra5 19. Nd4 e5 20. b4 Rxa3 21. Bxe5 Bxe5 22. Rxe5 Ra1+ 23. Kd2 Rxd1+ 24. Kxd1 Rd8 25. c3 Nb3 26. Re4 e5 27. Kc2 exd4 28. Kxb3 d3 29. Rd4 Rxd4 30. cxd4 Ke6 31. Kc3 Kd5 32. Kxd3 b5 33. f4 b6 34. h3 h6 35. h4 h5 36. f3 Kd6 37. Ke4 Ke6 38. d5+ Kf6 39. f5 g5 40. hxg5+ Kxg5 41. Ke5 h4 42. d6 h3 43. d7 1-0


[Site "https://www.chess.com"]

[Event "Titled Tuesday Blitz February 14 Early 2023"]
[White "Sanal, Vahap"]
[Black "Pantsulaia, Levan"]
[WhiteFideId "6300545"]
[BlackFideId "13602071"]
[WhiteElo "2600"]
[BlackElo "2570"]
[Result "1-0"]
[Round "10"]
[TimeControl "180+2"]
[Date "2023.02.14"]
[WhiteClock "0:00:04"]
[BlackClock "0:00:15"]

1. e4 c5 2. Nc3 a6 3. g3 b5 4. Bg2 Bb7 5. d3 g6 6. h4 h5 7. Nf3 Bg7 8. O-O d6 9. Ng5 Nh6 10. a4 b4 11. Nd5 Nd7 12. c3 a5 13. Bd2 O-O 14. Rc1 Ne5 15. Nf4 Ba6 16. c4 Nc6 17. b3 Nd4 18. Ne2 Ng4 19. Nxd4 Bxd4 20. Nf3 Bg7 21. Nh2 Ne5 22. Be3 Nc6 23. f4 e6 24. Nf3 Rc8 25. Rc2 Bb7 26. Rcf2 f5 27. Ng5 Re8 28. exf5 exf5 29. Bd5+ Kf8 30. Re1 Bc3 31. Ree2 Rc7 32. Ne6+ Rxe6 33. Bxe6 Nd4 34. Bxd4 Bxd4 35. Kf1 Bxf2 36. Kxf2 Qf6 37. Bd5 Bxd5 38. cxd5 Qd4+ 39. Kf1 Qxd5 40. Kg1 c4 41. bxc4 Rxc4 42. Qe1 Qc5+ 43. Kh2 Rc2 44. d4 Rxe2+ 45. Qxe2 Qxd4 46. Qe6 b3 47. Qc8+ Ke7 48. Qb7+ Kf6 49. Qxb3 Qd2+ 50. Kh3 Qc1 51. Kh2 Qd2+ 52. Kh3 Qb4 53. Qg8 Qxa4 54. Qf8+ Ke6 55. Qg8+ Kd7 56. Qxg6 Qc2 57. Qh7+ Kc6 58. Qxh5 a4 59. Qe8+ Kd5 60. Qb5+ Ke4 61. h5 Qd1 62. Qc4+ Ke3 63. Qc3+ Qd3 64. Qxd3+ Kxd3 65. h6 1-0


[Site "https://www.chess.com"]

[Event "Titled Tuesday Blitz February 14 Early 2023"]
[White "Chigaev, Maksim"]
[Black "Bacrot, Etienne"]
[WhiteFideId "4108116"]
[BlackFideId "605506"]
[WhiteElo "2628"]
[BlackElo "2667"]
[Result "1-0"]
[Round "10"]
[TimeControl "180+2"]
[Date "2023.02.14"]
[WhiteClock "0:01:57"]
[BlackClock "0:01:40"]

1. c4 e5 2. g3 Nf6 3. Bg2 g6 4. Nc3 Bg7 5. Nf3 Nc6 6. O-O O-O 7. d3 d6 8. b3 Re8 9. Bb2 e4 10. Nxe4 Nxe4 11. Bxg7 Kxg7 12. dxe4 Rxe4 13. Nd2 Re8 14. Ne4 h5 15. h4 Bg4 16. Qd2 Qe7 17. Rfe1 1-0


[Site "https://www.chess.com"]

[Event "Titled Tuesday Blitz February 14 Early 2023"]
[White "Livaic, Leon"]
[Black "Iskusnyh, Sergei"]
[WhiteFideId "14531534"]
[BlackFideId "4120027"]
[WhiteElo "2579"]
[BlackElo "2440"]
[Result "1-0"]
[Round "10"]
[TimeControl "180+2"]
[Date "2023.02.14"]
[WhiteClock "0:00:50"]
[BlackClock "0:00:04"]

1. d4 d5 2. c4 c6 3. cxd5 cxd5 4. Bf4 Nf6 5. e3 Nc6 6. Nc3 a6 7. Be2 Bf5 8. Nf3 e6 9. Qb3 Ra7 10. Ne5 Be7 11. O-O O-O 12. Nxc6 bxc6 13. Rfc1 Nd7 14. Na4 Qa8 15. Bd3 Rb7 16. Qd1 Bxd3 17. Qxd3 Rc8 18. Rc2 c5 19. dxc5 Nxc5 20. Nxc5 Rxc5 21. Rxc5 Bxc5 22. Rc1 Be7 23. b3 h6 24. h3 a5 25. Rc6 Rxb3 26. Qc2 Rb2 27. Rc8+ Bf8 28. Qc5 Rb1+ 29. Kh2 1-0


[Site "https://www.chess.com"]

[Event "Titled Tuesday Blitz February 14 Early 2023"]
[White "Murzin, Volodar"]
[Black "Hakobyan, Aram"]
[WhiteFideId "44155573"]
[BlackFideId "13306677"]
[WhiteElo "2604"]
[BlackElo "2608"]
[Result "0-1"]
[Round "10"]
[TimeControl "180+2"]
[Date "2023.02.14"]
[WhiteClock "0:00:02"]
[BlackClock "0:00:15"]

1. e4 c5 2. Nf3 d6 3. Bb5+ Bd7 4. Bxd7+ Nxd7 5. O-O Ngf6 6. Qe2 e6 7. Rd1 Be7 8. d4 cxd4 9. Nxd4 O-O 10. c4 Qa5 11. Nc3 a6 12. Bd2 Qh5 13. Qxh5 Nxh5 14. Nde2 Rac8 15. b3 Rfd8 16. Be3 Nhf6 17. f3 Rc7 18. Rac1 Rdc8 19. Kf2 h5 20. g3 Ne5 21. h3 Ned7 22. g4 hxg4 23. hxg4 g5 24. a4 Nc5 25. Rb1 Nh7 26. Rh1 Nd3+ 27. Kg3 Ne5 28. Rbd1 Nf8 29. Rh5 f6 30. Rdh1 Kf7 31. Nd4 Neg6 32. Kf2 Rd7 33. Ke2 Bd8 34. Nd1 d5 35. cxd5 exd5 36. Nf2 Bb6 37. Rh7+ Nxh7 38. Rxh7+ Ke8 39. Rh6 Bxd4 40. Rxg6 Rc2+ 41. Kd3 Rxf2 42. Kxd4 dxe4+ 43. Kxe4 Re7+ 44. Kd3 Rxf3 0-1


[Site "https://www.chess.com"]

[Event "Titled Tuesday Blitz February 14 Early 2023"]
[White "Shimanov, Aleksandr"]
[Black "Gharibyan, Mamikon"]
[WhiteFideId "4198603"]
[BlackFideId "13308300"]
[WhiteElo "2581"]
[BlackElo "2500"]
[Result "1/2-1/2"]
[Round "10"]
[TimeControl "180+2"]
[Date "2023.02.14"]
[WhiteClock "0:00:02"]
[BlackClock "0:00:03"]

1. e4 e5 2. Nf3 Nc6 3. Nc3 Nf6 4. h3 a6 5. d4 exd4 6. Nxd4 Bb4 7. Nxc6 bxc6 8. Bd3 O-O 9. O-O Re8 10. Bg5 h6 11. Bh4 Be7 12. e5 Nd5 13. Bxe7 Qxe7 14. Nxd5 cxd5 15. Re1 Qg5 16. c4 Bb7 17. Qb3 dxc4 18. Qxb7 cxd3 19. Qxc7 d2 20. Red1 Rac8 21. Qxd7 Red8 22. Qg4 Qxe5 23. Rxd2 Rxd2 24. Qxc8+ Kh7 25. Qxa6 Qxb2 26. Qf1 Rxf2 27. Qxf2 Qxa1+ 28. Kh2 Kg8 29. Qc2 Qe5+ 30. g3 h5 31. h4 g6 32. a4 Qa5 33. Qa2 Kg7 34. Qb2+ Kg8 35. Qd4 Qe1 36. Qd8+ Kg7 37. Qd4+ Kg8 38. Qd5 Qf2+ 39. Qg2 Qa7 40. Qc2 Qa5 41. Kg2 Qd5+ 42. Kf2 Qd4+ 43. Kf1 Qe5 44. Qb3 Qa1+ 45. Ke2 Qe5+ 46. Kd2 Qd4+ 47. Kc2 Qf2+ 48. Kb1 Qe1+ 49. Ka2 Qe2+ 50. Ka3 Qe7+ 51. Qb4 Qe3+ 52. Qb3 Qc5+ 53. Kb2 Qf2+ 54. Kc1 Qe1+ 55. Kc2 Qf2+ 56. Kd1 Qf1+ 57. Kd2 Qf2+ 58. Kc1 Qe1+ 59. Kb2 Qe2+ 60. Kc3 Qe3+ 61. Kc4 Qe6+ 62. Kc3 Qe3+ 63. Kb4 Qb6+ 64. Kc4 Qe6+ 65. Kb4 Qb6+ 66. Ka3 Qc5+ 67. Qb4 Qe3+ 68. Qb3 Qc5+ 1/2-1/2


[Site "https://www.chess.com"]

[Event "Titled Tuesday Blitz February 14 Early 2023"]
[White "Sjugirov, Sanan"]
[Black "Ibarra Jerez, Jose Carlos"]
[WhiteFideId "4189302"]
[BlackFideId "2226332"]
[WhiteElo "2712"]
[BlackElo "2563"]
[Result "0-1"]
[Round "10"]
[TimeControl "180+2"]
[Date "2023.02.14"]
[WhiteClock "0:00:03"]
[BlackClock "0:00:26"]

1. d4 Nf6 2. c4 d6 3. Nf3 g6 4. g3 Bf5 5. Bg2 Bg7 6. Qb3 Qc8 7. Nc3 Nc6 8. d5 Nd8 9. O-O O-O 10. Be3 e5 11. c5 Ng4 12. Bd2 dxc5 13. h3 Nh6 14. g4 Nxg4 15. hxg4 Bxg4 16. Ne4 b6 17. Bc3 f6 18. d6+ Be6 19. Qa4 Nf7 20. dxc7 Qxc7 21. Rfd1 h6 22. Nh4 Kh7 23. Ng3 f5 24. Bxa8 Rxa8 25. e3 Qb7 26. f4 b5 27. Qc2 b4 28. Bxe5 Nxe5 29. fxe5 Bxe5 30. Qf2 Qe7 31. Nf3 Bc7 32. Rd2 Rf8 33. Ne2 g5 34. Rad1 Qf6 35. Ng3 Qg6 36. Nf1 f4 37. e4 Bb6 38. Rd6 c4 39. Rxb6 axb6 40. Rd6 g4 41. Nd4 g3 42. Qf3 Bg4 43. Rxg6 Bxf3 44. Re6 Bg4 45. Re7+ Kg6 46. Kg2 h5 47. Nf3 Bxf3+ 48. Kxf3 h4 49. Kg2 f3+ 50. Kg1 Rd8 51. Re6+ Kg5 52. Re5+ Kg4 53. Re7 Rd1 54. Rg7+ Kh5 55. Rf7 g2 56. Rxf3 gxf1=Q+ 57. Rxf1 Rxf1+ 58. Kxf1 c3 0-1


[Site "https://www.chess.com"]

[Event "Titled Tuesday Blitz February 14 Early 2023"]
[White "Remizov, Yaroslav"]
[Black "Timofeev, Artyom"]
[WhiteFideId "34134015"]
[BlackFideId "4140419"]
[WhiteElo "2421"]
[BlackElo "2567"]
[Result "1-0"]
[Round "10"]
[TimeControl "180+2"]
[Date "2023.02.14"]
[WhiteClock "0:00:07"]
[BlackClock "0:00:08"]

1. e4 d6 2. d4 Nf6 3. Nc3 g6 4. Be3 c6 5. Qd2 b5 6. f3 Bb7 7. h4 Nbd7 8. Nh3 Nb6 9. b3 b4 10. Nd1 a5 11. Ndf2 Rc8 12. g4 c5 13. dxc5 dxc5 14. Bb5+ Bc6 15. Qxd8+ Kxd8 16. O-O-O+ Ke8 17. Bxc5 Bxb5 18. Bxb6 Be2 19. Bxa5 Bxd1 20. Rxd1 e6 21. Nd3 Ra8 22. Bxb4 Rxa2 23. Kb1 Ra8 24. Bc3 Bg7 25. g5 Nh5 26. Bxg7 Nxg7 27. Nc5 Nh5 28. Nf2 Kf8 29. Rd7 h6 30. Ng4 hxg5 31. hxg5 Nf4 32. Nh6 Rh7 33. Rb7 Ke8 34. Nd7 Nh5 35. Ne5 Rg7 36. Nhxf7 Kf8 37. Kb2 Nf4 38. b4 Nh3 39. Nd7+ Kg8 40. Nf6+ Kf8 41. Nd7+ Kg8 42. Nfe5 Nxg5 43. b5 Re7 44. b6 Kg7 45. Rc7 Nf7 46. b7 Rd8 47. Nc6 Rdxd7 48. Rxd7 Rxd7 49. b8=Q g5 50. Ne5 1-0


[Site "https://www.chess.com"]

[Event "Titled Tuesday Blitz February 14 Early 2023"]
[White "Mendonca, Leon Luke"]
[Black "Bharath Subramaniyam H"]
[WhiteFideId "35028561"]
[BlackFideId "46634827"]
[WhiteElo "2603"]
[BlackElo "2517"]
[Result "0-1"]
[Round "10"]
[TimeControl "180+2"]
[Date "2023.02.14"]
[WhiteClock "0:00:01"]
[BlackClock "0:00:13"]

1. Nf3 d5 2. e3 Nf6 3. c4 e6 4. b3 c6 5. Bb2 Bd6 6. Nc3 O-O 7. d4 Nbd7 8. Be2 b6 9. O-O Bb7 10. Qc2 Qe7 11. Rfd1 Rfd8 12. Rac1 Rac8 13. Qb1 Bb8 14. Bf1 h6 15. a4 c5 16. cxd5 Nxd5 17. Ne4 cxd4 18. Bxd4 Nc5 19. Nxc5 bxc5 20. Bb2 Nxe3 21. fxe3 Bxf3 22. gxf3 Qg5+ 23. Kh1 Qxe3 24. Qe4 Qxb3 25. Rxd8+ Rxd8 26. Ba1 Qa2 27. Bg2 Qd2 28. Rb1 Qd6 29. Qh4 c4 30. Rc1 Bc7 31. Bf1 Qa3 32. Qg4 g6 33. Qxc4 Qxf3+ 34. Bg2 Rd1+ 35. Rxd1 Qxd1+ 36. Qf1 Qxa4 37. Qf6 Qd1+ 38. Bf1 e5 39. Bc3 Qd5+ 40. Bg2 Qc4 41. Bd2 Kh7 42. Be3 a5 43. Qe7 a4 44. Qd7 a3 45. Bd5 Qf1+ 46. Bg1 Bb6 47. Qxf7+ Qxf7 48. Bxf7 Bxg1 49. Kxg1 Kg7 50. Bb3 Kf6 51. Kf2 e4 52. Ke3 Ke5 53. Ba2 g5 54. Bf7 h5 55. Ba2 g4 56. Bb3 h4 57. Ba2 g3 58. hxg3 hxg3 59. Bb3 Kd6 60. Ke2 Kc5 61. Ke3 Kb4 62. Be6 Kc3 0-1


[Site "https://www.chess.com"]

[Event "Titled Tuesday Blitz February 14 Early 2023"]
[White "Predke, Alexandr"]
[Black "Seo, Jung Min"]
[WhiteFideId "24107581"]
[BlackFideId "1734687"]
[WhiteElo "2685"]
[BlackElo "2494"]
[Result "1-0"]
[Round "10"]
[TimeControl "180+2"]
[Date "2023.02.14"]
[WhiteClock "0:00:39"]
[BlackClock "0:00:21"]

1. e4 c5 2. Nf3 e6 3. g3 d5 4. exd5 exd5 5. Bg2 Nc6 6. O-O Nf6 7. d4 Be7 8. dxc5 Bxc5 9. Nc3 O-O 10. a3 Bg4 11. h3 Bh5 12. b4 Bb6 13. g4 Bg6 14. Bg5 d4 15. Na4 h6 16. Bh4 d3 17. cxd3 Qxd3 18. Nxb6 axb6 19. Bxf6 gxf6 20. Qc1 Kg7 21. Rd1 Qc2 22. Qxc2 Bxc2 23. Rd7 Nxb4 24. Nd4 Kg8 25. Rc1 Rxa3 26. Nxc2 Rc3 27. Nxb4 Rxc1+ 28. Kh2 Kg7 29. Rxb7 Rb1 30. Nd5 Rb2 31. Kg3 b5 32. Rb6 b4 33. Nxf6 b3 34. Nh5+ Kg8 35. Bd5 Rd8 36. f3 Kf8 37. Nf4 Rb1 38. Bxb3 Rc8 39. Rb7 Rc3 40. Rb8+ Kg7 41. Nh5+ Kh7 42. Bc2+ 1-0


[Site "https://www.chess.com"]

[Event "Titled Tuesday Blitz February 14 Early 2023"]
[White "Yeletsky, Ivan"]
[Black "Wagh Suyog"]
[WhiteFideId "24180327"]
[BlackFideId "25071688"]
[WhiteElo "2494"]
[BlackElo "2313"]
[Result "1-0"]
[Round "10"]
[TimeControl "180+2"]
[Date "2023.02.14"]
[WhiteClock "0:00:11"]
[BlackClock "0:00:02"]

1. g3 d5 2. c4 c6 3. Bg2 Nf6 4. Nf3 g6 5. Qa4 Nfd7 6. Qb3 Nf6 7. d3 Bg7 8. O-O O-O 9. Bf4 Na6 10. Nbd2 Nh5 11. Be5 f6 12. Bc3 Nc5 13. Qa3 Ne6 14. e3 Nc7 15. h3 f5 16. Bxg7 Kxg7 17. b4 Nf6 18. Rab1 Qd6 19. Qc3 Rd8 20. Rfd1 Be6 21. Qa1 Bg8 22. a4 Rac8 23. b5 c5 24. a5 b6 25. a6 e6 26. Ne5 Nce8 27. Ndf3 Kf8 28. Nc6 Rd7 29. Nfe5 Rdc7 30. d4 cxd4 31. Qxd4 Nd7 32. cxd5 Nxe5 33. Nxe5 exd5 34. Nc6 Nf6 35. g4 fxg4 36. hxg4 Re8 37. Rbc1 Rd7 38. g5 Ne4 39. Bxe4 Rxe4 40. Qxe4 dxe4 41. Rxd6 Rxd6 42. Nxa7 Rd2 43. Ra1 Bd5 44. Nc6 1-0


[Site "https://www.chess.com"]

[Event "Titled Tuesday Blitz February 14 Early 2023"]
[White "Urazayev, Arystanbek"]
[Black "Lortkipanidze, Nodar"]
[WhiteFideId "13709810"]
[BlackFideId "13604058"]
[WhiteElo "2460"]
[BlackElo "2406"]
[Result "1-0"]
[Round "10"]
[TimeControl "180+2"]
[Date "2023.02.14"]
[WhiteClock "0:00:20"]
[BlackClock "0:00:16"]

1. e4 c5 2. Nf3 d6 3. d4 cxd4 4. Nxd4 Nf6 5. Nc3 g6 6. Bc4 Bg7 7. O-O Nc6 8. h3 O-O 9. Nf3 Bd7 10. Re1 Rc8 11. Bg5 Na5 12. Bb3 Nc4 13. Bxc4 Rxc4 14. e5 dxe5 15. Nxe5 Rc7 16. Bf4 Qc8 17. Nd3 Rc4 18. Rxe7 Bf5 19. Bg3 Rd8 20. Qe2 Rxc3 21. bxc3 Nd5 22. Re5 Nxc3 23. Qe3 Nd5 24. Qxa7 Qxc2 25. Rae1 Bxe5 26. Nxe5 Qb2 27. Nf3 Nb4 28. Qxb7 Qa3 29. Bd6 Qa6 30. Qxb4 Rxd6 31. Re8+ Kg7 32. Qb2+ f6 33. Re7+ Kh6 34. Qc1+ g5 35. h4 Qa4 36. hxg5+ Kg6 37. Qc7 Rd1+ 38. Kh2 Bd7 39. gxf6 Kxf6 40. Qe5+ 1-0


[Site "https://www.chess.com"]

[Event "Titled Tuesday Blitz February 14 Early 2023"]
[White "Korchmar, Vasiliy"]
[Black "Kovalenko, Igor"]
[WhiteFideId "24131750"]
[BlackFideId "14117908"]
[WhiteElo "2438"]
[BlackElo "2674"]
[Result "0-1"]
[Round "10"]
[TimeControl "180+2"]
[Date "2023.02.14"]
[WhiteClock "0:00:02"]
[BlackClock "0:01:42"]

1. e4 c5 2. Nf3 e6 3. g3 Qc7 4. Bg2 b5 5. O-O Bb7 6. Re1 Nf6 7. d3 Nc6 8. Nbd2 Be7 9. e5 Nd5 10. c4 bxc4 11. dxc4 Nb6 12. b3 a5 13. a4 O-O 14. Bb2 Rad8 15. Ne4 Nc8 16. Qb1 h6 17. Nf6+ Bxf6 18. exf6 g6 19. Nh4 Kh7 20. Be4 Rg8 21. Bxg6+ Rxg6 22. Nxg6 fxg6 23. h4 Nd4 24. Bxd4 Qc6 25. Qe4 Qxe4 26. Rxe4 Bxe4 27. Bxc5 d6 28. Re1 Bf5 29. Bd4 Kg8 30. f3 h5 31. Bc3 Rf8 32. Bxa5 Rxf6 33. b4 Bd3 34. b5 Bxc4 35. b6 Ba6 36. f4 Rf5 37. Bb4 e5 38. fxe5 Rxe5 39. Rxe5 dxe5 40. a5 Kf7 41. Kf2 Ke6 42. Ke3 Ne7 43. Bxe7 Kxe7 44. Ke4 Ke6 45. Ke3 Kd5 46. Kf3 Kd4 0-1


[Site "https://www.chess.com"]

[Event "Titled Tuesday Blitz February 14 Early 2023"]
[White "Tanenbaum, Zachary"]
[Black "Lazavik, Denis"]
[WhiteFideId "2060850"]
[BlackFideId "13515110"]
[WhiteElo "2261"]
[BlackElo "2544"]
[Result "0-1"]
[Round "10"]
[TimeControl "180+2"]
[Date "2023.02.14"]
[WhiteClock "0:00:01"]
[BlackClock "0:00:09"]

1. e4 c5 2. Nf3 e6 3. d4 cxd4 4. Nxd4 Nc6 5. Nc3 Qc7 6. g3 a6 7. Bg2 Bc5 8. Nxc6 dxc6 9. O-O e5 10. a4 Nf6 11. Bg5 Bg4 12. Bf3 Bh3 13. Bg2 Be6 14. Bxf6 gxf6 15. Qe2 h5 16. Bf3 h4 17. Bg4 O-O-O 18. Bxe6+ fxe6 19. Qc4 Qe7 20. Rfd1 Rdg8 21. Kg2 Kb8 22. Rd3 hxg3 23. hxg3 Bxf2 24. Kxf2 Rh2+ 25. Ke1 Rh1+ 26. Kf2 Rxa1 27. b4 Qh7 28. Ne2 Qh2+ 29. Ke3 Rxg3+ 30. Kd2 Rxd3+ 31. Qxd3 Qh8 32. Qd6+ Ka8 33. a5 Ra3 34. Qxe6 Qh6+ 35. Ke1 Ra1+ 36. Kf2 Qh4+ 37. Ke3 Qg5+ 38. Kd3 Rd1+ 39. Kc4 Qe3 40. Nc3 Rd2 41. Kb3 Rd1 42. Qe8+ Ka7 43. Qe7 Rb1+ 44. Ka2 Rh1 45. Na4 Qd4 46. c3 Rh2+ 47. Kb3 Qd1+ 48. Kc4 Qe2+ 49. Kc5 Qb5+ 50. Kd6 Qxa4 51. Kc7 Rh8 0-1


[Site "https://www.chess.com"]

[Event "Titled Tuesday Blitz February 14 Early 2023"]
[White "Costachi, Mihnea"]
[Black "Makhnev, Denis"]
[WhiteFideId "1217518"]
[BlackFideId "13707647"]
[WhiteElo "2476"]
[BlackElo "2483"]
[Result "1-0"]
[Round "10"]
[TimeControl "180+2"]
[Date "2023.02.14"]
[WhiteClock "0:00:03"]
[BlackClock "0:00:02"]

1. Nc3 d5 2. d4 Nf6 3. Bf4 e6 4. e3 Bb4 5. Ne2 O-O 6. a3 Be7 7. g4 c5 8. g5 Nfd7 9. h4 Nc6 10. Bh3 Re8 11. Rg1 cxd4 12. exd4 e5 13. Bxd7 Qxd7 14. Bxe5 Bf8 15. Qd3 Nxe5 16. dxe5 d4 17. Qxd4 Qxd4 18. Nxd4 Rxe5+ 19. Kd2 Bc5 20. Nce2 Bd7 21. b4 Bb6 22. c4 Rd8 23. Kc3 Re4 24. h5 Bg4 25. c5 Bc7 26. f3 Bxf3 27. Nxf3 Rxe2 28. Rgf1 Re3+ 29. Kc2 Bf4 30. Rad1 Rxd1 31. Rxd1 Kf8 32. Rd3 Re2+ 33. Kb3 Ke7 34. b5 Rf2 35. c6 bxc6 36. bxc6 Bd6 37. Kc4 a6 38. Nd4 g6 39. h6 Rf4 40. Re3+ Kd8 41. Kd5 Kc7 42. Re8 Rg4 43. Nf3 Rg3 44. Ke4 Kxc6 45. Rh8 Rg4+ 46. Ke3 Bf4+ 47. Kf2 Kd7 48. Rxh7 Ke7 49. Rg7 Kf8 50. Rh7 Ke7 51. Rh8 Bxg5 52. Ne5 Rf4+ 53. Kg3 Rf5 54. Nc6+ 1-0


[Site "https://www.chess.com"]

[Event "Titled Tuesday Blitz February 14 Early 2023"]
[White "Matinian, Nikita"]
[Black "Narayanan.S.L"]
[WhiteFideId "24129100"]
[BlackFideId "5058422"]
[WhiteElo "2407"]
[BlackElo "2660"]
[Result "1-0"]
[Round "10"]
[TimeControl "180+2"]
[Date "2023.02.14"]
[WhiteClock "0:00:04"]
[BlackClock "0:00:24"]

1. e4 c5 2. Nf3 e6 3. d4 cxd4 4. Nxd4 Nc6 5. Nc3 Qc7 6. Be2 a6 7. O-O Nf6 8. Nxc6 bxc6 9. f4 d5 10. Bd3 Bb7 11. Kh1 h5 12. Be3 h4 13. e5 Nh5 14. Qg4 O-O-O 15. Ne2 c5 16. c3 Be7 17. b4 d4 18. cxd4 h3 19. Rfc1 hxg2+ 20. Kg1 f5 21. exf6 Nxf6 22. Qxe6+ Kb8 23. bxc5 Rde8 24. c6 Bd6 25. Qb3 Rxe3 26. Rab1 Ng4 27. cxb7 Qe7 28. Rc8+ Rxc8 29. bxc8=Q+ Kxc8 30. Bf5+ Kd8 31. Qg8+ Qe8 32. Qxe8+ Kxe8 33. Bxg4 Ra3 34. Rb2 Ke7 35. Kxg2 a5 36. Rc2 a4 37. Bf3 Rd3 38. d5 a3 39. h4 Rd1 40. h5 Rb1 41. Nc3 Rb4 42. Re2+ Kf7 43. Ne4 Bxf4 44. Bg4 Rd4 45. Kf3 Be5 46. Rd2 Rb4 47. d6 Rb8 48. d7 Ke7 49. Nc5 Rf8+ 50. Kg2 Rb8 51. Nb7 Bc7 52. d8=Q+ Bxd8 53. Nxd8 Rb2 54. Nc6+ Kf6 55. Rf2+ Kg5 56. Bf3 Rb6 57. Ne5 Rb5 58. Nd3 Kh4 59. Ne1 Rg5+ 60. Kf1 Rc5 61. Ng2+ Kg3 62. Ne1 Rc1 63. Rg2+ Kf4 64. Rc2 Ra1 65. Re2 Kg3 66. Rg2+ Kf4 67. Bd5 Ke5 68. Bb3 Kf4 69. Rxg7 Kf5 70. h6 Kf6 71. Rg2 1-0


[Site "https://www.chess.com"]

[Event "Titled Tuesday Blitz February 14 Early 2023"]
[White "Demchenko, Anton"]
[Black "Tan, Zhongyi"]
[WhiteFideId "4160258"]
[BlackFideId "8603642"]
[WhiteElo "2623"]
[BlackElo "2517"]
[Result "1-0"]
[Round "10"]
[TimeControl "180+2"]
[Date "2023.02.14"]
[WhiteClock "0:00:05"]
[BlackClock "0:00:04"]

1. e4 c5 2. Nf3 d6 3. d4 cxd4 4. Nxd4 Nf6 5. Nc3 g6 6. Be3 Bg7 7. Be2 O-O 8. O-O Nc6 9. a4 d5 10. exd5 Nxd5 11. Nxd5 Qxd5 12. Bf3 Qc4 13. Nxc6 bxc6 14. c3 Be6 15. Re1 Rfd8 16. Qc1 a5 17. Bg5 Rd7 18. Re4 Qb3 19. Ra3 Qb6 20. Be3 Qc7 21. Bf4 Qb6 22. Re1 Rad8 23. h3 Bf6 24. Ra1 Bd5 25. Bxd5 cxd5 26. Re2 d4 27. cxd4 Bxd4 28. Qc2 e5 29. Bh6 Qf6 30. Be3 Bxe3 31. fxe3 Rd3 32. Rf1 Qe6 33. Qc5 R8d5 34. Qa7 e4 35. Ref2 Rd7 36. Qxa5 Rxe3 37. Rf6 Qe8 38. Qb5 Red3 39. Rxf7 Qxf7 40. Rxf7 Rxf7 41. Qc4 Re3 42. a5 Re1+ 43. Kh2 Ra1 44. Qxe4 Rxa5 45. Qb4 Raf5 46. Qb8+ Kg7 47. b4 Rf2 48. Qe5+ R7f6 49. b5 Rf5 50. Qc7+ Rf7 51. Qc3+ Kh6 52. Qe3+ g5 53. Qb6+ R5f6 54. Qc5 Rb7 55. Qd5 Rfb6 56. Qf5 Rxb5 57. Qf6+ Kh5 58. g4+ Kh4 59. Qh6# 1-0


[Site "https://www.chess.com"]

[Event "Titled Tuesday Blitz February 14 Early 2023"]
[White "Grigoriants, Sergey"]
[Black "Movahed, Sina"]
[WhiteFideId "4130804"]
[BlackFideId "42520835"]
[WhiteElo "2562"]
[BlackElo "2340"]
[Result "0-1"]
[Round "10"]
[TimeControl "180+2"]
[Date "2023.02.14"]
[WhiteClock "0:00:40"]
[BlackClock "0:01:55"]

1. d4 Nf6 2. c4 g6 3. Nc3 Bg7 4. e4 d6 5. Be2 O-O 6. Be3 Nc6 7. d5 Ne5 8. h3 e6 9. f4 Nxc4 10. Bxc4 b5 11. Bxb5 exd5 12. Nge2 c5 13. exd5 Rb8 14. Bc6 Rxb2 15. O-O Ba6 16. Rf2 Qe7 17. Bc1 Rb4 18. a3 Rc4 19. Rb1 Ne4 20. Nxe4 Rxe4 21. Bb5 Bxb5 22. Rxb5 Bd4 23. Qd3 Rxe2 0-1


[Site "https://www.chess.com"]

[Event "Titled Tuesday Blitz February 14 Early 2023"]
[White "Sokolovsky, Yahli"]
[Black "Samunenkov, Ihor"]
[WhiteFideId "2820242"]
[BlackFideId "14187086"]
[WhiteElo "2461"]
[BlackElo "2501"]
[Result "0-1"]
[Round "10"]
[TimeControl "180+2"]
[Date "2023.02.14"]
[WhiteClock "0:00:14"]
[BlackClock "0:00:06"]

1. b3 c5 2. Bb2 Nc6 3. e3 e5 4. Bb5 Nge7 5. Nf3 e4 6. Ng5 d5 7. Qh5 Ng6 8. O-O h6 9. Nxf7 Kxf7 10. f3 Qg5 11. fxe4+ Kg8 12. Qf3 Be6 13. Nc3 Nce5 14. Qe2 d4 15. exd4 cxd4 16. Nd5 Bc5 17. Kh1 Rc8 18. b4 Bd6 19. Bxd4 Kh7 20. Be3 Qh4 21. g3 Qxe4+ 22. Qg2 Bxd5 23. Qxe4 Bxe4+ 24. Kg1 Bxc2 25. d4 Nc6 26. a3 a6 27. Bc4 Nxd4 28. Bd5 Nf5 29. Bf2 Be5 30. Rac1 Bb2 31. Rce1 Rhe8 32. Rxe8 Rxe8 33. Bxb7 Bxa3 34. Bxa6 Bxb4 35. Rc1 Be4 36. Bb5 Rb8 37. Bd7 Rd8 38. Be6 Be7 39. Re1 Nd6 40. Bc5 Ne5 41. Bxd6 Rxd6 42. Bb3 Nf3+ 43. Kf2 Nxe1 44. Kf1 Nd3 45. Ke2 Bf6 46. Ke3 Nc5 47. Bc4 Bg5+ 48. Ke2 Rd2+ 49. Ke1 Nd3+ 0-1


[Site "https://www.chess.com"]

[Event "Titled Tuesday Blitz February 14 Early 2023"]
[White "Hansen, Sune Berg"]
[Black "Avinash, Ramesh"]
[WhiteFideId "1400266"]
[BlackFideId "45018340"]
[WhiteElo "2517"]
[BlackElo "2319"]
[Result "1/2-1/2"]
[Round "10"]
[TimeControl "180+2"]
[Date "2023.02.14"]
[WhiteClock "0:00:18"]
[BlackClock "0:00:36"]

1. e4 e6 2. d3 d5 3. Nd2 Nf6 4. Ngf3 Nc6 5. c3 dxe4 6. dxe4 Bc5 7. Bb5 O-O 8. O-O Bd7 9. Qe2 a6 10. Bd3 e5 11. b4 Bb6 12. Nc4 Qe7 13. Bg5 h6 14. Bh4 g5 15. Bg3 Nh5 16. Nxb6 cxb6 17. Bc4 Nf4 18. Qe3 Kg7 19. Qxb6 Rab8 20. Rad1 Bg4 21. Qe3 Qf6 22. Rd2 h5 23. Rfd1 h4 24. Rd6 Rbd8 25. Bxf4 Rxd6 26. Rxd6 Qxd6 27. Bxg5 h3 28. Bd5 Ne7 29. Bxe7 Qxe7 30. gxh3 Bxf3 31. Qxf3 Qg5+ 32. Qg4 Qxg4+ 33. hxg4 b6 34. c4 a5 35. a3 axb4 36. axb4 Kf6 37. c5 bxc5 38. bxc5 Ke7 39. c6 Rh8 40. Kg2 f6 41. Kg3 Ra8 42. h4 Ra3+ 43. f3 Kd6 44. g5 fxg5 45. hxg5 Ra1 46. Kg4 Rg1+ 47. Kf5 Rg3 48. g6 Rxf3+ 49. Kg5 Rg3+ 50. Kf6 Rf3+ 51. Kg5 Rg3+ 52. Kh6 Rh3+ 53. Kg7 Rg3 54. Kf7 Rf3+ 55. Kg7 Rg3 56. Kh7 Rh3+ 57. Kg8 Ke7 58. g7 Rc3 59. Kh7 Rh3+ 60. Kg6 Rg3+ 61. Kf5 Rxg7 62. Kxe5 Kd8 63. Kd6 Rc7 64. Be6 Re7 65. e5 Rc7 66. Bd7 Rxd7+ 67. cxd7 1/2-1/2


[Site "https://www.chess.com"]

[Event "Titled Tuesday Blitz February 14 Early 2023"]
[White "Papasimakopoulos, Alexandros"]
[Black "Pakleza, Zbigniew"]
[WhiteFideId "4244125"]
[BlackFideId "1119290"]
[WhiteElo "2401"]
[BlackElo "2494"]
[Result "1-0"]
[Round "10"]
[TimeControl "180+2"]
[Date "2023.02.14"]
[WhiteClock "0:00:29"]
[BlackClock "0:00:02"]

1. d4 d6 2. Nf3 Bg4 3. c4 c6 4. Qb3 Qb6 5. Nc3 Nf6 6. h3 Bxf3 7. gxf3 e6 8. f4 g6 9. e3 d5 10. c5 Qc7 11. Qc2 Nbd7 12. b4 Bg7 13. a4 O-O 14. Bd2 Rfe8 15. h4 Nf8 16. Be2 h5 17. Bd3 Ng4 18. Ne2 Qe7 19. Ng1 Nh6 20. Nf3 Nf5 21. b5 Nd7 22. Rb1 Rab8 23. a5 cxb5 24. Bxb5 a6 25. Bd3 Rec8 26. Qa4 Nf6 27. Ng5 Ng4 28. Ke2 Rc7 29. Rb6 Rbc8 30. Qb4 f6 31. Nxe6 Rc6 32. Bxf5 gxf5 33. Nxg7 Rxb6 34. Nxf5 Qd7 35. Qxb6 Qxf5 36. Qxb7 Re8 37. Qb1 Qe6 38. Qg6+ Kf8 39. Rb1 f5 40. Qxe6 Rxe6 41. Rb6 Kf7 42. c6 Re8 43. Rxa6 Nf6 44. f3 Ke6 45. Bb4 Rc8 46. Rb6 Ne8 47. a6 Nc7 48. a7 Ra8 49. Rb7 Rxa7 1-0


[Site "https://www.chess.com"]